 Dungeon Crawl Stone Soup version 0.31.0-11-ge490571c62 (webtiles) character file.

Game seed: 9245849320754674025

104 qw the Shooter (level 4, -4/22 HPs)
             Began as a Spriggan Hunter on Feb 3, 2024.
             Slain by a phantom (6 damage)
             ... on level 3 of the Dungeon.
             The game lasted 00:00:06 (1554 turns).

qw the Shooter (Spriggan Hunter)                    Turns: 1554, Time: 00:00:06

Health: -4/22      AC:  2    Str:  7    XL:     4   Next: 52%
Magic:  5/5        EV: 20    Int: 10    God:
Gold:   86         SH:  0    Dex: 20    Spells: 3/3 levels left

rFire   . . .        a - +1 shortbow
rCold   . . .        (shield currently unavailable)
rNeg    . . .        c - +0 robe
rPois   +            (helmet restricted)
rElec   .            (no cloak)
rCorr   +            (gloves unavailable)
SInv    +            (boots unavailable)
Will    .....        (no amulet)
Stlth   ++           h - ring of resist corrosion
HPRegen 0.23/turn    f - ring of poison resistance
MPRegen 0.09/turn

%: no passive effects
@: very quick
A: very small, no large weapons, unfitting armour, see invisible, speed 3
a: no special abilities


You were on level 3 of the Dungeon.
You visited 1 branch of the dungeon, and saw 3 of its levels.

You collected 86 gold pieces.


Innate Abilities, Weirdness & Mutations

You are very small and have problems with some larger weapons.
You are too small for most types of armour.
You have supernaturally acute eyesight. (SInv)
You cover ground extremely quickly. (Speed+++)


   Skills:
 - Level 1.5 Fighting
 - Level 5.0 Ranged Weapons
 + Level 4.9 Dodging
 - Level 1.5 Stealth


You had 3 spell levels left.
You didn't know any spells.
Your spell library was empty.

Inventory:

Hand Weapons
 a - a +1 shortbow (weapon)
Armour
 c - a +0 robe (worn)
Jewellery
 f - a ring of poison resistance (right hand)
 h - a ring of resist corrosion (left hand)
 i - a ring of magical power
Scrolls
 b - a scroll of identify
Potions
 d - a potion of mutation {unknown}
 e - a potion of degeneration {unknown}
 g - a potion of might {unknown}
 j - a potion of resistance {unknown}
 k - a potion of curing {unknown}

Dungeon Overview and Level Annotations

Branches:
Dungeon (3/15)

Altars:
Makhleb


Message History

The phantom is moderately damaged.
You shoot an arrow. The arrow hits the phantom.
The phantom is heavily damaged.
You shoot an arrow. The arrow closely misses the phantom.
You shoot an arrow. The arrow barely misses the phantom.
The phantom closely misses you.
You shoot an arrow. The arrow barely misses the phantom.
The phantom hits you but does no damage.
The phantom barely misses you.
You shoot an arrow. The arrow barely misses the phantom.
The phantom closely misses you.
You shoot an arrow. The arrow hits the phantom.
The phantom is heavily damaged.
The phantom hits you.
The phantom blinks!
You blink.
An adder comes into view.
You shoot an arrow. The arrow closely misses the phantom.
The phantom hits you.
The phantom blinks!
You blink.
You shoot an arrow. The arrow hits the phantom.
The phantom is severely damaged.
The adder hisses angrily.
The phantom hits you.
The phantom blinks!
You blink.
You shoot an arrow. The arrow barely misses the phantom.
The phantom barely misses you.
You shoot an arrow. The arrow hits the phantom.
The phantom is severely damaged.
The adder misses you. The phantom closely misses you. The adder bites you.
You shoot an arrow.
The arrow hits the phantom but does no damage.
The phantom is severely damaged.
The phantom misses you. The adder bites you. The phantom barely misses you.
A kobold comes into view. It is wielding a +0 short sword.
You shoot an arrow.
The arrow hits the phantom but does no damage.
The phantom is severely damaged.
The adder bites you. The adder closely misses you.
The phantom completely misses you.
You shoot an arrow. The arrow hits the phantom.
The phantom is severely damaged.
The adder completely misses you. The phantom hits you.
You die...

......# ......# .. +...
......#.##.##+#... ....#.
...........
....#+#..........##.#
.................##.#
..##.............##'####
..##...# #.##...W......#
..##...###ยค##...@S.....####
...#.......................
.......###.##..........#
.......+ .##.......K..#
.###...# .##.#######.## .#
#......###.# # .# ##...#.#
#.# .# #>..# ....# .####.###
####


You could see a phantom, an adder and a kobold.

Vanquished Creatures
  5 adders
  3 ribbon worms (D:2)
  3 dart slugs (D:1)
  4 endoplasms (D:1)
  3 giant cockroaches
  3 goblins
  4 hobgoblins
  2 jackals (D:2)
  3 kobolds
  2 quokkas
  A ball python (D:2)
  7 bats
  2 frilled lizards
  5 rats (D:1)
47 creatures vanquished.

Notes
Turn   | Place    | Note
-------+----------+-------------------------------------------
     0 | D:1      | qw the Spriggan Hunter began the quest for the Orb.
     0 | D:1      | Reached XP level 1. HP: 10/10 MP: 2/2
     0 | D:1      | 0 ||| qw: Version: 0.3-a-157-g843a77d
     0 | D:1      | 0 ||| qw: Game counter: 3798
     0 | D:1      | 0 ||| qw: Melee chars always use a shield: true
     0 | D:1      | 0 ||| qw: God list: Okawaru
     0 | D:1      | 0 ||| qw: Allow faded altars: false
     0 | D:1      | 0 ||| qw: Do Orc after clearing Dungeon:15 true
     0 | D:1      | 0 ||| qw: Do second Lair branch before Depths: true
     0 | D:1      | 0 ||| qw: Lair rune preference: random
     0 | D:1      | 0 ||| qw: Goals: Normal
     0 | D:1      | 0 ||| PLANNING D:1-11
    37 | D:1      | Reached skill level 3 in Dodging
    72 | D:1      | Reached XP level 2. HP: 14/14 MP: 3/3
   288 | D:1      | Reached XP level 3. HP: 18/18 MP: 4/4
   612 | D:1      | 612 ||| UPGRADING to ring of resist corrosion.
   613 | D:1      | 613 ||| READING scroll labelled DATZIE MIYMITA.
   616 | D:1      | 616 ||| READING scroll labelled PIQAHO BUPU.
   717 | D:1      | 717 ||| DROPPING scroll of butterflies.
   893 | D:2      | Reached skill level 5 in Ranged Weapons
  1027 | D:2      | Reached XP level 4. HP: 22/22 MP: 5/5
  1085 | D:2      | Found a burning altar of Makhleb.
  1334 | D:2      | 1334 ||| UPGRADING to ring of poison resistance.
  1335 | D:2      | 1335 ||| READING scroll labelled TUQOSTR SEISH.
  1335 | D:2      | 1335 ||| IDENTIFYING clear potion
  1336 | D:2      | 1336 ||| READING scroll labelled KUONEAFIDD.
  1337 | D:2      | 1337 ||| READING scroll labelled FIYJAN MORUUDGH.
  1337 | D:2      | 1337 ||| ENCHANTING +0 shortbow.
  1338 | D:2      | 1338 ||| READING scroll labelled DASKOK ZOPU.
  1339 | D:2      | 1339 ||| DROPPING potion of ambrosia.
  1356 | D:3      | 1356 ||| PLANNING SEWER
  1539 | D:3      | Noticed a phantom
  1552 | D:3      | HP: 5/22 [adder (2)]
  1553 | D:3      | HP: 2/22 [adder (3)]
  1554 | D:3      | Slain by a phantom

Levels and vault maps discovered:
D:1:      minmay_arrival_diagonal_passages, layout_loops_ring
D:2:      layout_loops_ring, basic_altar, chequers_serial_rivers_large_a
D:3:      layout_basic, lightli_sewer_entry_pipes

Skill      XL: |  1  2  3 |
---------------+----------+-----
Dodging        | 3 4 |  4.9
Ranged Weapons | 5 |  5.0
Fighting       | |  1.5
Stealth        | |  1.5

Action                     |  1- 3 |  4- 6 || total
---------------------------+-------+-------++-------
   Fire: Shortbow          |   111 |    52 ||   163
    Use: Scroll            |     2 |     4 ||     6
 Armour: Robe              |    11 |    11 ||    22
  Dodge: Dodged            |    25 |    21 ||    46

Table legend:
 A = Non-vault XP
 B = Vault XP
 C = Vault XP percentage of total XP
 D = Non-vault monster count
 E = Vault monster count
 F = Vault count percentage of total count
                 A         B        C        D         E       F
            +---------+---------+-------+---------+---------+-------
      Total |     149 |       0 |   0.0 |      47 |       0 |   0.0
            +---------+---------+-------+---------+---------+-------
        D:1 |      52 |       0 |   0.0 |      28 |       0 |   0.0
        D:2 |      65 |       0 |   0.0 |      14 |       0 |   0.0
        D:3 |      32 |       0 |   0.0 |       5 |       0 |   0.0
            +---------+---------+-------+---------+---------+-------
